[Event "42nd Olympiad Baku 2016 Open"]
[Site "Baku"]
[Date "2016.09.04"]
[Round "3.28"]
[White "Hansen, Eric"]
[Black "Short, Nigel D"]
[Result "1/2-1/2"]
[ECO "C73"]
[WhiteElo "2582"]
[BlackElo "2666"]
[Annotator ""]
[PlyCount "129"]
[EventDate "2016.??.??"]
[EventCountry "AZE"]
[SourceTitle "playchess.com"]
[Source "ChessBase"]
[WhiteTeam "Canada"]
[BlackTeam "England"]
[WhiteTeamCountry "CAN"]
[BlackTeamCountry "ENG"]
[TimeControl "40/5400+30:1800+30"]

1. e4 {(00:00)} e5 {(00:00)} 2. Nf3 {(00:00)} Nc6 {
(00:00)} 3. Bb5 {(00:21)} a6 {(00:09)} 4. Ba4 {(00:
11)} d6 {(00:18)} 5. Bxc6+ {(16:33)} bxc6 {(00:27)} 6. d4
{(00:02)} f6 {(07:14)} 7. c4 {(05:38)} g6 {(02:18)}
8. Nc3 {(07:07)} Bg7 {(00:51)} 9. h3 {(07:18)} Nh6 {
(04:02)} 10. Be3 {(01:15)} O-O {(01:19)} 11. Qd2 {(
00:51)} Nf7 {(00:10)} 12. O-O {(02:35)} Qe7 {(25:48)} 13.
dxe5 {(28:12)} fxe5 {(08:50)} 14. c5 {(00:36)} h6 {
(09:22)} 15. Rfd1 {(07:01)} Be6 {(03:21)} 16. Qc2 {
(00:22)} Kh7 {(09:13)} 17. Rd2 {(01:20)} Rfb8 {(04:
43)} 18. Rad1 {(01:12)} a5 {(00:57)} 19. b3 {(00:46)} Bf8
{(05:05)} 20. cxd6 {(05:54)} cxd6 {(00:09)} 21. Na4 {
(00:03)} Qe8 {(05:09)} 22. Ne1 {(02:02)} g5 {(05:
54)} 23. Nd3 {(00:45)} Be7 {(00:31)} 24. Ndb2 {(00:42)}
Kg7 {(01:13)} 25. Nc4 {(04:18)} Bxc4 {(01:58)} 26. Qxc4 {
(00:14)} Rb4 {(00:57)} 27. Qc2 {(00:11)} Ra6 {(00:
34)} 28. f3 {(01:15)} Qc8 {(00:59)} 29. Nc3 {(02:13)} Qe6
{(00:06)} 30. Rd3 {(00:48)} Kg8 {(00:18)} 31. Na4 {
(01:27)} Rb5 {(00:23)} 32. Nc3 {(00:51)} Rb4 {(00:
10)} 33. Qe2 {(00:37)} Ra8 {(00:11)} 34. Rc1 {(00:21)} Bf8
{(00:23)} 35. Qc2 {(02:32)} Ra6 {(00:15)} 36. Rcd1 {
(01:07)} Rb8 {(00:40)} 37. Bc1 {(00:43)} Rc8 {(00:
35)} 38. Qe2 {(00:25)} Raa8 {(00:40)} 39. Na4 {(00:23)} d5
{(01:38)} 40. Qc2 {(00:00)} Rab8 {(00:00)} 41. Bd2 {
(06:39)} Rb5 {(10:43)} 42. exd5 {(16:58)} cxd5 {(
00:28)} 43. Rc3 {(00:04)} Rbb8 {(04:49)} 44. Rc1 {(03:10)}
Rxc3 {(00:39)} 45. Qxc3 {(00:14)} Ba3 {(01:04)} 46. Qc6 {
(02:36)} Qf5 {(07:46)} 47. Re1 {(00:14)} d4 {(00:
04)} 48. Nb6 {(00:19)} Bb4 {(01:57)} 49. g4 {(01:26)} Qd3
{(00:44)} 50. Bxb4 {(00:05)} axb4 {(00:06)} 51. Nd7 {
(00:13)} Rd8 {(02:54)} 52. Nxe5 {(01:56)} Nxe5 {(
00:07)} 53. Rxe5 {(00:09)} Rf8 {(01:01)} 54. Kf2 {(02:03)}
Rf7 {(01:23)} 55. Qe4 {(01:38)} Qd2+ {(00:05)} 56. Qe2 {
(01:09)} Qf4 {(00:24)} 57. Re8+ {(00:06)} Kg7 {(00:
06)} 58. Qe5+ {(00:53)} Qxe5 {(00:23)} 59. Rxe5 {(00:05)}
Ra7 {(00:22)} 60. Rb5 {(01:15)} Rxa2+ {(00:07)} 61. Kg3 {
(00:13)} Rb2 {(00:59)} 62. Rxb4 {(00:12)} d3 {(00:
06)} 63. Rb5 {(01:08)} Kf6 {(00:19)} 64. h4 {(00:26)} Rb1
{(02:47)} 65. Rd5 {(00:27)} 1/2-1/2

[Event "42nd Olympiad Baku 2016 Open"]
[Site "Baku"]
[Date "2016.09.04"]
[Round "3.5"]
[White "Harper, Ryan"]
[Black "Matamoros Franco, Carlos S"]
[Result "0-1"]
[ECO "B31"]
[WhiteElo "2215"]
[BlackElo "2488"]
[Annotator ""]
[PlyCount "74"]
[EventDate "2016.??.??"]
[EventCountry "AZE"]
[SourceTitle "playchess.com"]
[Source "ChessBase"]
[WhiteTeam "TTO"]
[BlackTeam "Ecuador"]
[BlackTeamCountry "ECU"]
[TimeControl "40/5400+30:1800+30"]

1. e4 {(00:00)} c5 {(00:00)} 2. Nf3 {(00:00)} Nc6 {
(00:00)} 3. Bb5 {(01:25)} g6 {(00:00)} 4. Bxc6 {(
01:37)} bxc6 {(00:02)} 5. d3 {(01:00)} Bg7 {(00:20)} 6.
Nbd2 {(02:36)} d6 {(01:58)} 7. h3 {(00:51)} e5 {(
00:33)} 8. O-O {(02:09)} Ne7 {(00:13)} 9. a3 {(08:17)} a5
{(02:52)} 10. a4 {(01:46)} O-O {(00:26)} 11. c3 {(
02:37)} h6 {(07:40)} 12. Re1 {(04:51)} Be6 {(09:48)} 13.
Nf1 {(09:27)} f5 {(01:13)} 14. exf5 {(02:52)} Nxf5 {
(03:36)} 15. d4 {(00:44)} Nh4 {(08:04)} 16. Nxh4 {(
11:50)} Qxh4 {(00:12)} 17. Qd2 {(01:57)} cxd4 {(25:07)}
18. cxd4 {(00:50)} e4 {(00:21)} 19. Ng3 {(04:45)} d5 {
(00:42)} 20. Qc3 {(00:52)} Rxf2 {(27:45)} 21. Kxf2 {
(05:26)} c5 {(00:03)} 22. Qxc5 {(05:00)} Rf8+ {(00:
05)} 23. Kg1 {(01:19)} Qxg3 {(00:04)} 24. Be3 {(06:10)}
Rf3 {(00:28)} 25. Qc3 {(11:00)} Bxh3 {(00:05)} 26. Re2 {
(03:25)} Bf8 {(07:20)} 27. Qe1 {(03:00)} Rxe3 {(00:
06)} 28. Qxg3 {(00:01)} Rxg3 {(00:05)} 29. Rc1 {(03:17)}
Bg4 {(00:53)} 30. Rf2 {(00:50)} Bf5 {(01:38)} 31. Rc6 {
(01:23)} e3 {(00:23)} 32. Re2 {(03:23)} Bd3 {(00:
15)} 33. Kh2 {(00:42)} Bxe2 {(00:47)} 34. Kxg3 {(00:02)}
Bc4 {(00:08)} 35. Rxg6+ {(01:24)} Kf7 {(00:08)} 36. Rb6 {
(00:14)} e2 {(00:12)} 37. Kf2 {(00:31)} Bb4 {(00:
17)} 0-1

[Event "42nd Olympiad Baku 2016 Open"]
[Site "Baku"]
[Date "2016.09.04"]
[Round "3.27"]
[White "Hjartarson, Johann"]
[Black "Sohib, Okla"]
[Result "1/2-1/2"]
[ECO "C84"]
[WhiteElo "2545"]
[BlackElo "2153"]
[Annotator ""]
[PlyCount "98"]
[EventDate "2016.??.??"]
[EventCountry "AZE"]
[SourceTitle "playchess.com"]
[Source "ChessBase"]
[WhiteTeam "Iceland"]
[BlackTeam "Syria"]
[WhiteTeamCountry "ISL"]
[BlackTeamCountry "SYR"]
[TimeControl "40/5400+30:1800+30"]

1. e4 {(00:00)} e5 {(00:00)} 2. Nf3 {(00:00)} Nc6 {
(00:03)} 3. Bb5 {(00:06)} a6 {(00:27)} 4. Ba4 {(00:
05)} Nf6 {(00:14)} 5. O-O {(00:14)} Be7 {(00:37)} 6. d3 {
(00:20)} b5 {(01:39)} 7. Bb3 {(00:06)} d6 {(01:02)}
8. a3 {(00:19)} O-O {(02:11)} 9. Nc3 {(00:12)} Bg4 {
(01:37)} 10. Be3 {(00:53)} Nd4 {(02:08)} 11. Bxd4 {
(00:14)} exd4 {(00:04)} 12. Nd5 {(00:08)} c6 {(10:
47)} 13. Nxe7+ {(22:47)} Qxe7 {(00:03)} 14. h3 {(00:11)}
Bxf3 {(09:42)} 15. Qxf3 {(00:16)} c5 {(10:18)} 16. a4 {
(02:09)} Qe5 {(22:04)} 17. g3 {(05:12)} Rac8 {(11:
11)} 18. axb5 {(01:13)} axb5 {(00:02)} 19. Ra5 {(01:43)}
Qe8 {(00:33)} 20. Rd1 {(13:27)} Qc6 {(15:56)} 21. Bd5 {
(35:58)} Nxd5 {(01:08)} 22. exd5 {(00:06)} Qd7 {(
00:39)} 23. Kg2 {(03:05)} Ra8 {(00:49)} 24. Rxa8 {(01:56)}
Rxa8 {(00:01)} 25. b3 {(00:41)} Qe7 {(03:15)} 26. h4 {
(00:52)} h6 {(01:59)} 27. h5 {(00:59)} b4 {(01:10)}
28. Rh1 {(04:38)} Re8 {(01:56)} 29. Ra1 {(01:22)} Qb7 {
(00:34)} 30. g4 {(03:51)} Re5 {(00:22)} 31. Kf1 {(
00:34)} Qxd5 {(00:23)} 32. Ra8+ {(00:31)} Kh7 {(00:25)}
33. Qxd5 {(00:46)} Rxd5 {(00:05)} 34. Rf8 {(00:07)} Rg5 {
(01:08)} 35. f3 {(00:07)} f5 {(00:25)} 36. gxf5 {(
02:16)} Rxh5 {(00:09)} 37. Kg2 {(00:03)} Rg5+ {(01:10)}
38. Kh2 {(00:30)} Rh5+ {(00:58)} 39. Kg2 {(00:02)} Rg5+ {
(00:29)} 40. Kh2 {(00:00)} h5 {(00:00)} 41. f6 {(
09:00)} gxf6 {(03:56)} 42. Rxf6 {(00:07)} Rg6 {(05:21)}
43. Rf5 {(00:30)} Re6 {(08:38)} 44. Rxh5+ {(01:32)} Kg6 {
(00:11)} 45. Rd5 {(00:09)} Re2+ {(01:30)} 46. Kg3 {
(01:13)} Rxc2 {(00:17)} 47. Kf4 {(01:01)} Rc3 {(02:
32)} 48. Rxd6+ {(00:24)} Kf7 {(00:28)} 49. Rc6 {(00:40)}
Rxd3 {(07:07)} 1/2-1/2

[Event "42nd Olympiad Baku 2016 Open"]
[Site "Baku"]
[Date "2016.09.04"]
[Round "3.17"]
[White "Hossain, Enamul"]
[Black "Aboudi, Marwan"]
[Result "1-0"]
[ECO "C42"]
[WhiteElo "2431"]
[BlackElo "2209"]
[Annotator ""]
[PlyCount "86"]
[EventDate "2016.??.??"]
[EventCountry "AZE"]
[SourceTitle "playchess.com"]
[Source "ChessBase"]
[WhiteTeam "Bangladesh"]
[BlackTeam "Jordan"]
[WhiteTeamCountry "BAN"]
[BlackTeamCountry "JOR"]
[TimeControl "40/5400+30:1800+30"]

1. e4 {(00:00)} e5 {(00:00)} 2. Nf3 {(00:00)} Nf6 {
(00:00)} 3. Nxe5 {(00:00)} d6 {(00:00)} 4. Nf3 {(
00:02)} Nxe4 {(00:00)} 5. d4 {(00:59)} d5 {(00:08)} 6. Bd3
{(00:07)} Be7 {(00:08)} 7. O-O {(00:08)} Nc6 {(01:
25)} 8. Nc3 {(01:45)} Nxc3 {(03:26)} 9. bxc3 {(00:03)} Bg4
{(05:59)} 10. Rb1 {(00:44)} Rb8 {(01:01)} 11. Re1 {
(00:11)} O-O {(00:33)} 12. Bf4 {(00:04)} h6 {(09:
25)} 13. h3 {(00:35)} Bh5 {(00:51)} 14. g4 {(15:23)} Bg6 {
(00:05)} 15. Bxg6 {(01:21)} fxg6 {(00:08)} 16. Bg3 {
(00:06)} Bd6 {(04:12)} 17. Ne5 {(00:40)} g5 {(16:
48)} 18. Qd3 {(03:55)} Ne7 {(17:26)} 19. Re3 {(05:45)} Rf6
{(08:23)} 20. c4 {(04:45)} Re6 {(07:53)} 21. Rbe1 {
(06:48)} Bxe5 {(01:47)} 22. Bxe5 {(02:54)} dxc4 {(
05:34)} 23. Qxc4 {(00:53)} Qd5 {(00:16)} 24. Qxc7 {(20:35]
} Rc8 {(00:12)} 25. c4 {(00:05)} Qxc4 {(01:13)} 26. Qxb7 {
(00:28)} Qd5 {(04:07)} 27. Qxa7 {(07:36)} Ra8 {(01:
25)} 28. Qc5 {(00:19)} Rxa2 {(00:22)} 29. Qc7 {(05:04)}
Rb2 {(04:18)} 30. Ra3 {(04:26)} Rb7 {(01:42)} 31. Qc2 {
(06:21)} Rb4 {(02:32)} 32. Rea1 {(02:06)} Rc4 {(00:
12)} 33. Ra8+ {(01:41)} Kf7 {(00:27)} 34. Qh7 {(01:01)}
Rxe5 {(01:39)} 35. dxe5 {(00:07)} Qxe5 {(00:07)} 36. Qd3 {
(03:06)} Rc3 {(00:52)} 37. Qd7 {(00:46)} Rc8 {(00:
12)} 38. R8a5 {(02:35)} Qe4 {(01:43)} 39. R5a3 {(01:29)}
Qe5 {(00:44)} 40. Kg2 {(00:00)} Rc7 {(00:00)} 41. Rf3+ {
(03:19)} Kg8 {(01:41)} 42. Ra8+ {(00:15)} Kh7 {(00:
07)} 43. Qd3+ {(00:06)} g6 1-0

[Event "42nd Olympiad Baku 2016 Open"]
[Site "Baku"]
[Date "2016.09.04"]
[Round "3.27"]
[White "Hracek, Zbynek"]
[Black "Filippov, Anton"]
[Result "1/2-1/2"]
[ECO "C88"]
[WhiteElo "2591"]
[BlackElo "2582"]
[Annotator ""]
[PlyCount "61"]
[EventDate "2016.??.??"]
[EventCountry "AZE"]
[SourceTitle "playchess.com"]
[Source "ChessBase"]
[WhiteTeam "Czech Republic"]
[BlackTeam "Uzbekistan"]
[WhiteTeamCountry "CZE"]
[BlackTeamCountry "UZB"]
[TimeControl "40/5400+30:1800+30"]

1. e4 {(00:00)} e5 {(00:28)} 2. Nf3 {(00:00)} Nc6 {
(00:04)} 3. Bb5 {(00:00)} a6 {(00:34)} 4. Ba4 {(00:
00)} Nf6 {(00:06)} 5. O-O {(00:00)} Be7 {(00:58)} 6. Re1 {
(00:05)} b5 {(00:10)} 7. Bb3 {(00:05)} O-O {(00:46]
} 8. a4 {(00:43)} b4 {(00:19)} 9. d3 {(00:05)} d6 {
(00:29)} 10. a5 {(00:07)} Bd7 {(00:33)} 11. Nbd2 {(
01:54)} Qc8 {(00:41)} 12. c3 {(04:33)} Rb8 {(00:31)} 13.
Bc4 {(05:56)} Be6 {(00:43)} 14. Bxe6 {(00:49)} fxe6 {
(00:24)} 15. d4 {(00:29)} bxc3 {(00:46)} 16. bxc3 {
(00:59)} exd4 {(00:23)} 17. cxd4 {(13:16)} d5 {(15:
43)} 18. exd5 {(08:02)} exd5 {(01:37)} 19. Ba3 {(05:14)}
Bxa3 {(01:32)} 20. Rxa3 {(00:02)} Rb5 {(00:45)} 21. Rc3 {
(10:10)} Nxa5 {(01:13)} 22. Qc2 {(01:07)} c5 {(14:
13)} 23. Rxc5 {(07:27)} Rxc5 {(00:31)} 24. dxc5 {(00:24)}
Nc6 {(00:43)} 25. h3 {(05:15)} Qc7 {(08:08)} 26. Qa4 {
(12:01)} a5 {(04:43)} 27. Nd4 {(05:09)} Nxd4 {(02:
01)} 28. Qxd4 {(00:01)} a4 {(02:33)} 29. Qxa4 {(11:48)}
Qxc5 {(00:07)} 30. Nf3 {(00:36)} Ne4 {(03:03)} 31. Qd4 {
(00:06)} 1/2-1/2

[Event "42nd Olympiad Baku 2016 Open"]
[Site "Baku"]
[Date "2016.09.04"]
[Round "3.29"]
[White "Husbands, Orlando"]
[Black "Zhao, Zong-Yuan"]
[Result "1/2-1/2"]
[ECO "C11"]
[WhiteElo "2257"]
[BlackElo "2550"]
[Annotator ""]
[PlyCount "66"]
[EventDate "2016.??.??"]
[EventCountry "AZE"]
[SourceTitle "playchess.com"]
[Source "ChessBase"]
[WhiteTeam "Barbados"]
[BlackTeam "Australia"]
[WhiteTeamCountry "BAR"]
[BlackTeamCountry "AUS"]
[TimeControl "40/5400+30:1800+30"]

1. e4 {(00:00)} e6 {(00:00)} 2. d4 {(00:00)} d5 {(
00:00)} 3. Nc3 {(00:00)} Nf6 {(00:00)} 4. e5 {(01:03)}
Nfd7 {(00:00)} 5. f4 {(00:04)} c5 {(00:00)} 6. Nf3 {
(00:05)} Nc6 {(00:00)} 7. Be3 {(00:03)} Be7 {(00:
06)} 8. Qd2 {(00:40)} O-O {(00:26)} 9. Be2 {(00:02)} b6 {
(00:12)} 10. O-O {(00:09)} f5 {(00:07)} 11. Nd1 {(
06:11)} cxd4 {(00:13)} 12. Nxd4 {(00:02)} Nxd4 {(00:08)}
13. Bxd4 {(00:14)} Nc5 {(00:05)} 14. Ne3 {(00:39)} g5 {
(04:11)} 15. Rad1 {(03:35)} gxf4 {(05:03)} 16. Rxf4 {
(00:52)} Bg5 {(00:07)} 17. Rf3 {(01:55)} Bb7 {(00:
40)} 18. Qe1 {(08:01)} Qe7 {(01:27)} 19. Rh3 {(00:34)} Kh8
{(06:26)} 20. Nf1 {(18:35)} Ne4 {(12:45)} 21. Ng3 {
(04:16)} Rg8 {(07:46)} 22. Nh5 {(03:24)} Rg6 {(00:
47)} 23. Bf3 {(08:21)} Rh6 {(09:39)} 24. Rd3 {(05:33)} Qf7
{(01:46)} 25. Qd1 {(03:56)} Rg8 {(04:08)} 26. Ra3 Bc6 {
(03:12)} 27. Bxe4 {(14:11)} dxe4 {(06:18)} 28. Nf6 {
(00:08)} Rd8 {(03:12)} 29. Rxh6 {(00:36)} Bxh6 {(
00:01)} 30. Rh3 {(02:28)} Qg6 {(09:33)} 31. Rg3 {(05:31)}
Qf7 {(00:40)} 32. Rh3 {(01:11)} Qg6 {(09:43)} 33. Rg3 {
(00:05)} Qf7 {(02:00)} 1/2-1/2

[Event "42nd Olympiad Baku 2016 Open"]
[Site "Baku"]
[Date "2016.09.04"]
[Round "3.4"]
[White "Ibarra Jerez, Jose Carlos"]
[Black "Bauer, Christian"]
[Result "1/2-1/2"]
[ECO "C15"]
[WhiteElo "2566"]
[BlackElo "2623"]
[Annotator ""]
[PlyCount "99"]
[EventDate "2016.??.??"]
[EventCountry "AZE"]
[SourceTitle "playchess.com"]
[Source "ChessBase"]
[WhiteTeam "Spain"]
[BlackTeam "France"]
[WhiteTeamCountry "ESP"]
[BlackTeamCountry "FRA"]
[TimeControl "40/5400+30:1800+30"]

1. e4 {(00:00)} e6 {(00:00)} 2. d4 {(00:57)} d5 {(
00:00)} 3. Nc3 {(00:59)} Bb4 {(00:33)} 4. Nge2 {(02:04)}
Nc6 {(00:19)} 5. a3 {(01:17)} Ba5 {(00:10)} 6. b4 {
(02:05)} Bb6 {(00:12)} 7. Bb2 {(00:14)} Nf6 {(12:
11)} 8. e5 {(20:29)} Ng4 {(01:25)} 9. Na4 {(07:02)} f6 {
(15:42)} 10. Nf4 {(07:44)} Nh6 {(01:41)} 11. Nxb6 {
(05:06)} axb6 {(04:51)} 12. Qh5+ {(10:31)} Nf7 {(
05:02)} 13. Bd3 {(04:16)} fxe5 {(09:42)} 14. dxe5 {(00:37]
} Qg5 {(03:31)} 15. Qxg5 {(02:54)} Nxg5 {(00:01)} 16. Ne2
{(02:15)} Nf7 {(12:05)} 17. f4 {(01:41)} Bd7 {(04:
08)} 18. c4 {(05:11)} Ne7 {(08:06)} 19. cxd5 {(03:51)}
Nxd5 {(00:27)} 20. Rc1 {(02:38)} O-O-O {(06:50)} 21. O-O {
(01:32)} Kb8 {(02:01)} 22. h4 {(04:05)} Nh6 {(03:
17)} 23. Rf3 {(03:41)} Be8 {(04:23)} 24. Nd4 {(02:12)} Bh5
{(00:29)} 25. Rf2 {(01:20)} Ng4 {(03:48)} 26. Rff1 {
(00:44)} Rhe8 {(00:42)} 27. Be4 {(03:10)} Bg6 {(00:
44)} 28. Bf3 {(01:08)} h5 {(00:38)} 29. g3 {(00:36)} c6 {
(00:51)} 30. Rfe1 {(00:56)} b5 {(00:20)} 31. Nb3 {(
00:51)} Nb6 {(00:38)} 32. Bd4 {(02:24)} Nc4 {(00:27)} 33.
Rc3 {(00:33)} Nxa3 {(00:40)} 34. Bb6 {(00:23)} Nc2 {
(00:26)} 35. Bxd8 {(01:16)} Nxe1 {(00:21)} 36. Bb6 {
(00:34)} Nd3 {(00:46)} 37. Nc5 {(00:34)} Nxc5 {(00:
28)} 38. Bxc5 {(00:22)} Nh6 {(00:28)} 39. Bb6 {(00:44)}
Re7 {(00:32)} 40. Bc5 {(00:00)} Re8 {(00:00)} 41. Bb6 {
(04:10)} Nf5 {(06:01)} 42. Kf2 {(20:05)} Ne7 {(16:
21)} 43. Rc1 {(01:23)} Nc8 {(06:32)} 44. Bc5 {(02:22)} Rd8
{(01:28)} 45. Rd1 {(01:10)} Kc7 {(00:44)} 46. Rxd8 {
(00:38)} Kxd8 {(00:01)} 47. Bf8 {(00:25)} Ke8 {(01:
03)} 48. Bxg7 {(00:14)} Ne7 {(00:26)} 49. Bf6 {(00:21)}
Nd5 {(00:32)} 50. Bxd5 {(00:13)} 1/2-1/2

[Event "42nd Olympiad Baku 2016 Open"]
[Site "Baku"]
[Date "2016.09.04"]
[Round "3.32"]
[White "Illingworth, Max"]
[Black "Farley, Terry"]
[Result "1-0"]
[ECO "B96"]
[WhiteElo "2458"]
[BlackElo "2203"]
[Annotator ""]
[PlyCount "71"]
[EventDate "2016.??.??"]
[EventCountry "AZE"]
[SourceTitle "playchess.com"]
[Source "ChessBase"]
[WhiteTeam "Australia"]
[BlackTeam "Barbados"]
[WhiteTeamCountry "AUS"]
[BlackTeamCountry "BAR"]
[TimeControl "40/5400+30:1800+30"]

1. e4 {(00:00)} c5 {(00:00)} 2. Nf3 {(00:00)} d6 {(
00:00)} 3. d4 {(00:00)} cxd4 {(00:06)} 4. Nxd4 {(00:00)}
Nf6 {(00:06)} 5. Nc3 {(00:04)} a6 {(00:05)} 6. Bg5 {
(00:06)} e6 {(00:16)} 7. f4 {(00:05)} Qc7 {(00:18)}
8. Qe2 {(00:04)} Nbd7 {(02:00)} 9. O-O-O {(00:05)} Be7 {
(10:16)} 10. g4 {(00:05)} b5 {(13:40)} 11. a3 {(00:
06)} Bb7 {(01:29)} 12. f5 {(00:08)} e5 {(03:19)} 13. Bxf6
{(00:10)} gxf6 {(08:55)} 14. Nb3 {(01:51)} Rc8 {(
02:17)} 15. h4 {(01:19)} Nb6 {(06:24)} 16. Rh3 {(01:28)}
Nc4 {(14:05)} 17. Nd5 {(02:39)} Bxd5 {(02:56)} 18. exd5 {
(03:45)} Rg8 {(03:11)} 19. Qe4 {(08:41)} h5 {(06:
48)} 20. gxh5 {(01:17)} Bf8 {(00:39)} 21. Kb1 {(00:28)}
Bh6 {(00:49)} 22. Ka2 {(01:19)} Kf8 {(10:01)} 23. Rc3 {
(00:42)} Rg1 {(00:42)} 24. Bxc4 {(02:02)} Rxd1 {(
00:23)} 25. Be2 {(00:31)} Qxc3 {(00:35)} 26. bxc3 {(00:11]
} Re1 {(00:25)} 27. Qf3 {(02:13)} e4 {(05:29)} 28. Qf2 {
(00:13)} Rh1 {(00:13)} 29. Qg3 {(02:24)} e3 {(02:
50)} 30. Qxd6+ {(00:47)} Kg7 {(00:05)} 31. Kb2 {(00:12)}
Kh7 {(04:51)} 32. Qxf6 {(00:47)} Rg8 {(02:06)} 33. Qxf7+ {
(01:17)} Rg7 {(00:05)} 34. Qe6 {(00:23)} Rxh4 {(01:
02)} 35. f6 {(00:17)} Rg5 {(00:29)} 36. Bd3+ {(00:13)} 1-0

[Event "42nd Olympiad Baku 2016 Open"]
[Site "Baku"]
[Date "2016.09.04"]
[Round "3.8"]
[White "Indjic, Aleksandar"]
[Black "Baron, Tal"]
[Result "1-0"]
[ECO "A34"]
[WhiteElo "2548"]
[BlackElo "2553"]
[Annotator ""]
[PlyCount "79"]
[EventDate "2016.??.??"]
[EventCountry "AZE"]
[SourceTitle "playchess.com"]
[Source "ChessBase"]
[WhiteTeam "Serbia"]
[BlackTeam "Israel"]
[WhiteTeamCountry "SRB"]
[BlackTeamCountry "ISR"]
[TimeControl "40/5400+30:1800+30"]

1. c4 {(01:19)} c5 {(01:03)} 2. Nf3 {(01:17)} Nf6 {
(00:05)} 3. Nc3 {(00:55)} d5 {(00:13)} 4. cxd5 {(
01:30)} Nxd5 {(00:03)} 5. e3 {(00:58)} Nxc3 {(00:42)} 6.
bxc3 {(02:52)} g6 {(00:03)} 7. h4 {(03:45)} Bg7 {(
07:34)} 8. h5 {(00:18)} Nc6 {(00:21)} 9. Qb3 {(10:36)} Qc7
{(13:10)} 10. Ba3 {(04:06)} b6 {(04:34)} 11. Ng5 {(
04:20)} e6 {(02:39)} 12. d4 {(04:50)} Bb7 {(13:52)} 13. h6
{(03:51)} Bf8 {(08:51)} 14. dxc5 {(00:27)} Bxc5 {(
03:52)} 15. Bxc5 {(00:18)} bxc5 {(00:08)} 16. Rb1 {(14:44]
} Rb8 {(01:53)} 17. Nxe6 {(01:51)} fxe6 {(09:52)} 18.
Qxe6+ {(00:15)} Qe7 {(00:08)} 19. Qxc6+ {(00:17)} Bxc6 {
(00:11)} 20. Rxb8+ {(00:05)} Kd7 {(00:33)} 21. Rxh8 {
(00:10)} Qe5 {(02:01)} 22. Rxh7+ {(00:08)} Kd6 {(
00:53)} 23. Ke2 {(27:43)} Qxc3 {(05:47)} 24. f3 {(00:11)}
g5 {(10:12)} 25. Rg7 {(01:20)} Bb5+ {(10:11)} 26. Kf2 {
(00:10)} Qb2+ {(00:08)} 27. Kg3 {(01:56)} Qe5+ {(
00:02)} 28. Kg4 {(03:24)} Bd7+ {(02:38)} 29. Rxd7+ {(00:
14)} Kxd7 {(00:01)} 30. h7 {(01:52)} Qh8 {(00:03)} 31. Bd3
{(00:23)} Ke7 {(00:20)} 32. Rh5 {(00:52)} c4 {(01:
04)} 33. Bxc4 {(00:59)} Kf6 {(00:47)} 34. Bd3 {(00:41)}
Qc8+ {(00:31)} 35. Kg3 {(00:25)} Qh8 {(00:35)} 36. Rh6+ {
(00:45)} Kg7 {(00:01)} 37. Rg6+ {(01:30)} Kxh7 {(
00:02)} 38. Rxg5+ {(00:10)} Kh6 {(00:02)} 39. Rg6+ {(00:
05)} Kh5 {(00:17)} 40. Kh3 {(00:00)} 1-0

[Event "42nd Olympiad Baku 2016 Open"]
[Site "Baku"]
[Date "2016.09.04"]
[Round "3.11"]
[White "Iotov, Valentin"]
[Black "Dizdarevic, Emir"]
[Result "1-0"]
[ECO "A10"]
[WhiteElo "2518"]
[BlackElo "2460"]
[Annotator ""]
[PlyCount "57"]
[EventDate "2016.??.??"]
[EventCountry "AZE"]
[SourceTitle "playchess.com"]
[Source "ChessBase"]
[WhiteTeam "Bulgaria"]
[BlackTeam "Bosnia  Herzegovina"]
[WhiteTeamCountry "BUL"]
[BlackTeamCountry "BIH"]
[TimeControl "40/5400+30:1800+30"]

1. c4 {(00:00)} g6 {(00:03)} 2. d4 {(04:05)} Bg7 {(
00:10)} 3. Nc3 {(00:04)} e6 {(00:25)} 4. Nf3 {(05:35)} Ne7
{(00:11)} 5. h4 {(03:04)} h6 {(01:49)} 6. Bf4 {(10:
20)} d6 {(01:15)} 7. e4 {(02:27)} Nd7 {(04:06)} 8. c5 {
(11:03)} e5 {(15:55)} 9. dxe5 {(02:38)} dxe5 {(12:
29)} 10. Be3 {(00:20)} Nc6 {(22:41)} 11. Bc4 {(02:23)} Nd4
{(08:39)} 12. Nxd4 {(04:22)} exd4 {(00:09)} 13. Bxd4 {
(00:03)} Ne5 {(00:07)} 14. Bxe5 {(31:15)} Qxd1+ {(
00:20)} 15. Rxd1 {(00:02)} Bxe5 {(00:08)} 16. Ke2 {(04:15]
} c6 {(00:54)} 17. Ke3 {(00:45)} g5 {(05:30)} 18. hxg5 {
(01:09)} hxg5 {(00:12)} 19. Rxh8+ {(00:42)} Bxh8 {(
00:04)} 20. Rh1 {(00:31)} Bg7 {(00:09)} 21. g3 {(06:53)}
b5 {(10:31)} 22. Bb3 {(00:44)} a5 {(01:02)} 23. a4 {
(00:25)} Rb8 {(02:17)} 24. axb5 {(01:39)} cxb5 {(
01:20)} 25. Bd5 {(03:33)} a4 {(08:36)} 26. f4 {(01:41)}
gxf4+ {(00:47)} 27. gxf4 {(00:01)} a3 {(02:05)} 28. e5 {
(00:02)} f6 {(00:55)} 29. e6 {(03:42)} 1-0

[Event "42nd Olympiad Baku 2016 Open"]
[Site "Baku"]
[Date "2016.09.04"]
[Round "3.22"]
[White "Ipatov, Alexander"]
[Black "Dvirnyy, Danyyil"]
[Result "1/2-1/2"]
[ECO "D11"]
[WhiteElo "2652"]
[BlackElo "2543"]
[Annotator ""]
[PlyCount "87"]
[EventDate "2016.??.??"]
[EventCountry "AZE"]
[SourceTitle "playchess.com"]
[Source "ChessBase"]
[WhiteTeam "Turkey"]
[BlackTeam "Italy"]
[WhiteTeamCountry "TUR"]
[BlackTeamCountry "ITA"]
[TimeControl "40/5400+30:1800+30"]

1. d4 {(00:00)} d5 {(00:00)} 2. c4 {(00:00)} c6 {(
00:00)} 3. Nf3 {(00:24)} Nf6 {(00:04)} 4. g3 {(00:34)}
dxc4 {(00:39)} 5. Bg2 {(00:38)} g6 {(00:11)} 6. Ne5 {
(00:13)} Be6 {(08:10)} 7. Na3 {(00:17)} Bg7 {(15:
04)} 8. O-O {(18:57)} O-O {(04:06)} 9. Nexc4 {(00:56)} Bd5
{(11:34)} 10. Bh3 {(02:31)} Nbd7 {(09:09)} 11. Bf4 {
(16:32)} b5 {(07:38)} 12. Ne3 {(03:03)} Re8 {(07:
33)} 13. Rc1 {(07:40)} Bxa2 {(06:13)} 14. Rxc6 {(01:16)}
e5 {(02:42)} 15. dxe5 {(08:12)} Nxe5 {(00:40)} 16. Qxd8 {
(00:06)} Raxd8 {(00:26)} 17. Ra6 {(00:02)} Nd5 {(
04:38)} 18. Nac2 {(17:42)} Bb3 {(04:51)} 19. Nxd5 {(00:57]
} Rxd5 {(01:40)} 20. Bg2 {(07:14)} Rd7 {(00:57)} 21. Ne3 {
(04:06)} Rd2 {(01:10)} 22. Nf5 {(02:34)} Rxe2 {(03:
02)} 23. Nd4 {(01:16)} Rxb2 {(00:45)} 24. Nxb3 {(01:00)}
Rxb3 {(00:26)} 25. Rxa7 {(00:13)} Nf3+ {(04:50)} 26. Kh1 {
(02:09)} Rd3 {(02:10)} 27. Rb7 {(00:53)} Nd2 {(02:
53)} 28. Bc6 {(01:44)} Red8 {(01:11)} 29. Bxb5 {(00:32)}
Rb3 {(01:05)} 30. Rd1 {(00:12)} Bc3 {(00:33)} 31. Rc7 {
(02:00)} Rxb5 {(00:31)} 32. Rxc3 {(00:03)} Rb1 {(
00:30)} 33. Rxb1 {(00:54)} Nxb1 {(00:02)} 34. Rc1 {(00:36]
} Na3 {(00:06)} 35. Rc5 {(00:50)} Nb1 {(00:41)} 36. Bg5 {
(00:42)} Rb8 {(00:30)} 37. Kg2 {(00:37)} Kg7 {(00:
31)} 38. Bf4 {(00:44)} Rb7 {(00:30)} 39. Bc1 {(00:35)} Kf6
{(00:56)} 40. h4 {(00:00)} h5 {(00:00)} 41. Kf3 {(
09:27)} Na3 {(05:09)} 42. Ke4 {(06:47)} Nb5 {(04:08)} 43.
Kd5 {(05:11)} Nc7+ {(00:48)} 44. Ke4 {(03:44] Ke5+}
1/2-1/2